 Dungeon Crawl Stone Soup version 0.19.5 (webtiles) character file.

1793 greprep the Destroyer (level 8, -3/43 HPs)
             Began as a Deep Elf Conjurer on May 7, 2017.
             Was a Believer of Vehumet.
             Splashed by Pikel's acid (10 damage)
             ... on level 6 of the Dungeon.
             The game lasted 00:24:22 (6449 turns).

greprep the Destroyer (Deep Elf Conjurer)           Turns: 6449, Time: 00:24:22

Health: -3/43      AC:  1    Str:  5    XL:     8   Next: 82%
Magic:  16/21      EV: 14    Int: 23    God:    Vehumet [**....]
Gold:   64         SH:  6    Dex: 15    Spells: 3 memorised, 15 levels left

rFire  . . .     SeeInvis .     y - staff of wizardry
rCold  . . .     Gourm    .     m - +2 robe {MR+}
rNeg   . . .     Faith    .     l - +1 buckler
rPois  .         Spirit   .     e - +0 helmet
rElec  .         Reflect  .     (no cloak)
rCorr  .         Harm     .     (no gloves)
MR     +....                    (no boots)
Stlth  +++.......               (no amulet)
                                (no ring)
                                (no ring)

@: corroded
A: no striking features
a: Renounce Religion


You were on level 6 of the Dungeon.
You worshipped Vehumet.
Vehumet was pleased with you.
You were not hungry.

You visited 1 branch of the dungeon, and saw 6 of its levels.

You collected 286 gold pieces.
You spent 222 gold pieces at shops.

Inventory:

Hand Weapons
 p - a +1 dagger of venom
 t - a +3 vampiric dagger
 w - a +2 dagger of holy wrath
Missiles
 x - 57 arrows
Armour
 a - a +0 robe
 e - a +0 helmet (worn)
 l - a +1 buckler (worn)
 m - a +2 robe of magic resistance (worn)
Magical Staves
 y - an uncursed staff of wizardry (weapon)
Scrolls
 d - 3 scrolls of remove curse
 f - a scroll of enchant weapon
 h - 2 scrolls of blinking
 k - 2 scrolls of amnesia
 o - a scroll of teleportation
 r - a scroll of fear
Potions
 g - 3 potions of brilliance {unknown}
 i - a potion of ambrosia
 j - a potion of mutation {unknown}
 n - 4 potions of curing
 q - a potion of flight {unknown}
 u - 2 potions of berserk rage
 v - a potion of lignification {unknown}
Books
 b - a book of Conjurations

   Spells                             Type                      Level
   a - Magic Dart                     Conjuration                  1
   b - Searing Ray                    Conjuration                  2
   c - Dazzling Spray                 Conjuration/Hexes            3
   d - Fulminant Prism                Conjuration/Hexes            4
   e - Iskenderun's Mystic Blast      Conjuration                  4
   f - Iskenderun's Battlesphere      Conjuration/Charms           5
Comestibles
 c - 2 bread rations


   Skills:
 + Level 1.4 Fighting
 + Level 2.2 Short Blades
 + Level 4.3 Dodging
 + Level 5.6 Stealth
 * Level 3.6 Shields
 + Level 7.8 Spellcasting
 + Level 8.2 Conjurations
 + Level 0.3 Hexes


You had 15 spell levels left.
You knew the following spells:

 Your Spells              Type           Power        Failure   Level  Hunger
a - Magic Dart            Conj           ####         1%          1    None
b - Searing Ray           Conj           #####.       1%          2    None
c - Fulminant Prism       Conj/Hex       ####......   6%          4    ###....


Dungeon Overview and Level Annotations

Branches:
Dungeon (6/15)             Temple (0/1) D:4

Altars:
Hepliaklqana
Vehumet
Yredelemnul

Shops:
D:5 *   D:6 !

Annotations:
D:6 Pikel


Message History

(Press . to maintain the ray.)
The searing ray hits the ogre.
You kill the ogre!
Vehumet accepts your kill.
You feel your power returning.
The searing ray hits the slave.
The slave is moderately wounded.
The slave barely misses you.
The searing ray hits the slave.
The slave is severely wounded.
The searing ray hits Pikel.
Pikel is moderately wounded.
You finish channeling your searing ray.
Pikel zaps a wand.
The bolt of acid hits you! The acid corrodes you!
You are splashed with acid!
The acid burns!
It is a wand of acid.
There is an open door here.
Pikel zaps a wand.
The bolt of acid hits you!
* * * LOW HITPOINT WARNING * * *
You are splashed with acid!
The acid burns!
You die...

#.....#.############
#.....#)# #.....#.#
#.....#p#
#######.....#.#
#...........#[#
##.####.)...#.# #.#
#<....#.# #.#
#..@..#.# #.#
###'#.#.# #.#
#.#.#.# #.# #.#.#.#
#.# #K#.#.# #.#
#p#.#.# #.# #p#.#.#
#.# #.#.#.# #.#
#.#.#.#


You could see Pikel and 2 slaves.

Vanquished Creatures
  Sigmund (D:2)
  2 water moccasins (D:6)
  2 orc warriors (D:6)
  2 ogres
  A sky beast (D:5)
  A slave (D:6)
  A scorpion (D:6)
  A crimson imp (D:6)
  2 orc priests
  3 jellies
  A centaur skeleton (D:5)
  3 hounds
  4 orc wizards
  2 bullfrog skeletons
  An iguana (D:4)
  Jessica (D:2)
  4 worker ants
  Robin (D:2)
  12 adders
  4 gnolls (D:5)
  2 shadow imps
  An adder skeleton (D:4)
  6 worms
  A dart slug (D:3)
  A leopard gecko (D:4)
  19 orcs
  7 giant cockroaches
  16 goblins
  5 hobgoblins
  10 kobolds
  2 quokkas
  A ball python (D:3)
  4 bats
  5 frilled lizards
  A leopard gecko zombie (D:6)
  A quokka skeleton (D:6)
  3 rats
134 creatures vanquished.

Vanquished Creatures (others)
  A goblin (D:1)
  A fulminant prism (D:6)
2 creatures vanquished.

Grand Total: 136 creatures vanquished

Notes
Turn   | Place    | Note
-------+----------+-------------------------------------------
     0 | D:1      | greprep the Deep Elf Conjurer began the quest for the Orb.
     0 | D:1      | Reached XP level 1. HP: 10/10 MP: 6/6
   356 | D:1      | Reached XP level 2. HP: 15/15 MP: 6/8
   360 | D:1      | Learned a level 2 spell: Searing Ray
   613 | D:2      | Reached skill level 5 in Conjurations
   688 | D:2      | Reached XP level 3. HP: 19/19 MP: 3/9
   752 | D:2      | Found a faded altar of an unknown god.
   853 | D:2      | Found a faded altar of an unknown god.
   853 | D:2      | Found a faded altar of an unknown god.
   858 | D:2      | Found a faded altar of an unknown god.
   860 | D:2      | Found a hazy altar of Hepliaklqana.
   862 | D:2      | Found a faded altar of an unknown god.
   935 | D:2      | You fall through a shaft!
  1098 | D:2      | Noticed Robin
  1194 | D:2      | Killed Robin
  1326 | D:2      | Reached XP level 4. HP: 24/24 MP: 8/11
  1427 | D:2      | Noticed Sigmund
  1438 | D:2      | Killed Sigmund
  1438 | D:2      | Reached skill level 1 in Shields
  1438 | D:2      | Reached skill level 6 in Conjurations
  1438 | D:2      | Reached XP level 5. HP: 23/28 MP: 2/13
  1716 | D:2      | Noticed Jessica
  1720 | D:2      | Killed Jessica
  1940 | D:3      | Reached XP level 6. HP: 32/32 MP: 9/15
  2198 | D:3      | Reached skill level 5 in Spellcasting
  2669 | D:3      | Found a radiant altar of Vehumet.
  2674 | D:3      | Became a worshipper of Vehumet
  3679 | D:4      | Found a staircase to the Ecumenical Temple.
  3760 | D:4      | Reached XP level 7. HP: 36/36 MP: 14/17
  3911 | D:4      | Reached skill level 1 in Short Blades
  4074 | D:4      | Found a basalt altar of Yredelemnul.
  4089 | D:4      | Reached skill level 7 in Conjurations
  4484 | D:4      | Reached * piety under Vehumet
  4484 | D:4      | Offered knowledge of Sandblast by Vehumet.
  4658 | D:5      | Entered Level 5 of the Dungeon
  5298 | D:5      | Learned a level 4 spell: Fulminant Prism
  5343 | D:5      | Found Sesaak's General Store.
  5346 | D:5      | Bought a scroll of enchant weapon for 90 gold pieces
  5346 | D:5      | Bought a scroll of enchant weapon for 90 gold pieces
  5787 | D:6      | Reached skill level 1 in Fighting
  5787 | D:6      | Reached XP level 8. HP: 43/43 MP: 12/20
  5882 | D:6      | Found Nyitet's Distillery.
  5891 | D:6      | Bought a potion of curing for 42 gold pieces
  6111 | D:6      | Offered knowledge of Shock by Vehumet.
  6117 | D:6      | Reached skill level 5 in Stealth
  6117 | D:6      | Reached skill level 8 in Conjurations
  6118 | D:6      | Reached ** piety under Vehumet
  6389 | D:6      | Noticed Pikel
  6449 | D:6      | Splashed by Pikel's acid

Skill      XL: |  1  2  3  4  5  6  7  8 |
---------------+-------------------------+-----
Conjurations   | 5 6 7 8 |  8.2
Dodging        | 3 4 |  4.3
Shields        | 1 2 3 |  3.6
Spellcasting   | 4 5 6 7 |  7.8
Stealth        | 3 4 5 |  5.6
Short Blades   | 1 2 |  2.2
Fighting       | 1 |  1.4
Hexes          | |  0.3

Action                   |  1- 3 |  4- 6 |  7- 9 || total
-------------------------+-------+-------+-------++-------
Melee: Unarmed           |     2 |       |       ||     2
       Dagger            |       |    12 |       ||    12
       Staff             |       |       |     2 ||     2
 Cast: Magic Dart        |    47 |    63 |    21 ||   131
       Searing Ray       |     4 |    18 |    36 ||    58
       Fulminant Prism   |       |       |     1 ||     1
  Use: Scroll            |     3 |       |    12 ||    15
 Stab: Sleeping          |       |     4 |       ||     4
  Eat: Meat ration       |       |     1 |     1 ||     2
       Fruit             |       |     3 |       ||     3
       Bread ration      |       |     2 |       ||     2
       Beef jerky        |       |       |     1 ||     1
Armor: Robe              |       |     6 |     8 ||    14
Dodge: Dodged            |     4 |    17 |    25 ||    46
Block: Buckler           |     2 |    10 |    15 ||    27
